Cogmind - Beta 13 @@@ ROGUE MODE // 2024.04.17 @ 18:04:53 Player: Glyb Result: Destroyed self with Mini Grenade Launcher Performance ------------- Evolutions (1) 500 Regions Visited (3) 600 Robots Destroyed (23) 115 Value Destroyed (396) 396 Prototype IDs (1) 20 Alien Tech Used (0) 0 Bonus (0) 0 TOTAL SCORE: 1631 Bonus ------- None Cogmind --------- Core Integrity 0/400 Matter 235/300 Energy 125/125 System Corruption 0% Temperature Cool (0) Movement Rolling (100) Location -9/Materials Parts ------- > --- POWER (1) -------- Light Ion Engine > --- PROPULSION (3) --- Compact Wheel > --- UTILITY (3) ------ Small Storage Unit Terrain Scanner > --- WEAPON (2) ------- Mini Grenade Launcher Hammer > --- INVENTORY (8) ---- Medium Storage Unit Light Assault Rifle Peak State ------------ > --- POWER ------------ Ion Engine > --- PROPULSION ------- Wheel Wheel Compact Wheel > --- UTILITY ---------- Heat Sink Medium Storage Unit Terrain Scanner > --- WEAPON ----------- Assault Rifle Hammer > --- INVENTORY -------- Light Ion Engine Aluminum Leg Aluminum Leg Small Storage Unit Light Assault Rifle [Rating: 9] Favorites ----------- Power Ion Engine Engine Ion Engine Propulsion Wheel Leg Aluminum Leg Wheel Wheel Flight Unit Flight Unit Utility Terrain Scanner Device Terrain Scanner Storage Medium Storage Unit Weapon Hammer Ballistic Gun Assault Rifle Launcher Mini Grenade Launcher Impact Weapon Hammer Build | -11 -10 -10 -9 ------- Run | Yrd Mat Min Mat Slots Evolved 2 | . . . 2 Power . | . . . . Propulsion 1 | . . . 1 Utility 1 | . . . 1 Weapon . | . . . . Parts Attached 24 | 6 4 . 14 Power 3 | 1 . . 2 Engine 3 | 1 . . 2 Core . | . . . . Reactor . | . . . . Propulsion 11 | 2 1 . 8 Treads . | . . . . Leg 3 | . . . 3 Wheel 5 | 2 1 . 2 Hover . | . . . . Flight 3 | . . . 3 Utility 5 | 1 2 . 2 Device 2 | . 1 . 1 Storage 3 | 1 1 . 1 Processor . | . . . . Hackware . | . . . . Protection . | . . . . Artifact . | . . . . Weapon 5 | 2 1 . 2 Energy Gun . | . . . . Energy Cannon . | . . . . Ballistic Gun 3 | 2 . . 1 Ballistic Cannon . | . . . . Launcher 1 | . . . 1 Special Weapon . | . . . . Impact Weapon 1 | . 1 . . Slashing Weapon . | . . . . Piercing Weapon . | . . . . Special Melee Weapon . | . . . . Unidentified Prototypes 1 | . . . 1 Parts Lost 11 | . . . 11 Power 2 | . . . 2 Propulsion 7 | . . . 7 Utility 1 | . . . 1 Weapon 1 | . . . 1 Highest Loss Streak 6 | . . . 6 To Critical Strikes . | . . . . Average Slot Usage (%) 82 | . 98 100 74 Engine 8 | . 14 14 6 Leg 4 | . . . 6 Wheel 17 | . 28 28 12 Flight 3 | . . . 4 Device 14 | . 12 14 14 Storage 11 | . 14 14 11 Ballistic Gun 8 | . 14 14 5 Launcher 1 | . . . 1 Impact Weapon 11 | . 13 14 11 Naked Turns . | . . . . Heaviest Build 21 | 13 20 20 21 Greatest Support 36 | 26 26 20 36 Greatest Overweight (x) 1 | . . . 1 Average Overweight (x) . | . . . . Largest Inventory Capacity 10 | 8 10 10 10 Average Capacity 9 | 6 9 10 9 Most Carried 7 | 4 7 7 7 Average Carried 4 | 2 6 7 4 Final Capacity 10 | 8 10 10 8 Final Carried 7 | 4 7 7 2 Class Distribution -------------------- 100% | Mutant Dominant Class ---------------- Mutant | -10/Materials Mutant | -10/Mines Mutant | -9/Materials Resources | -11 -10 -10 -9 ----------- Run | Yrd Mat Min Mat Matter Collected 447 | 149 184 . 114 Remotely . | . . . . Salvage Created 561 | . 187 . 374 Parts 32 | . 8 . 24 Haulers Intercepted . | . . . . Recyclers Shooed . | . . . . Parts Field Recycled . | . . . . Retrieved Matter . | . . . . Parts Self-Destructed . | . . . . Prevented . | . . . . Kills | -11 -10 -10 -9 ------- Run | Yrd Mat Min Mat Combat Hostiles Destroyed 15 | . 3 . 12 Melee 8 | . . . 8 Guns 4 | . 3 . 1 AOE 1 | . . . 1 Classes Destroyed 7 | . 4 . 3 Worker 3 | . 1 . 2 Builder 2 | . 1 . 1 Tunneler 1 | . . . 1 Recycler 1 | . 1 . . Watcher 1 | . . . 1 Swarmer 9 | . 3 . 6 Grunt 6 | . . . 6 Best Kill Streak 6 | . 3 . 6 Combat Bots Only 6 | . 3 . 6 Max Kills in Single Turn 2 | . 1 . 2 Gunslinging . | . . . . Exploded 1 | . . . 1 Melee 1 | . . . 1 Uniques/NPCs Destroyed . | . . . . Combat | -11 -10 -10 -9 -------- Run | Yrd Mat Min Mat Hostile Shots Fired 152 | . 13 . 139 Missed 37 | . 3 . 34 Damage Taken 1173 | . 70 . 1103 Core 417 | . 16 . 401 Absorbed by Shields . | . . . . Core Remaining (%) 96 | 100 . 93 . Volleys Fired 26 | . 13 . 13 Largest 1 | . 1 . 1 Hottest 30 | . 20 . 30 Shots Fired 26 | . 13 . 13 Gun 22 | . 13 . 9 Cannon . | . . . . Launcher 4 | . . . 4 Special . | . . . . Kinetic 22 | . 13 . 9 Thermal . | . . . . Explosive 4 | . . . 4 Electromagnetic . | . . . . Robot Hit Streak 3 | . 3 . 2 Robot Miss Streak 4 | . 4 . 3 Penetration Max . | . . . . Secondary Targets . | . . . . Shots Hit Robots 51 | . 12 . 39 Core Hits 12 | . 3 . 9 Critical Kills 1 | . . . 1 Critical Parts Destroyed 5 | . 1 . 4 Critical Strikes 6 | . 1 . 5 Smash 6 | . 1 . 5 Melee Attacks 50 | . 5 . 45 Impact 50 | . 5 . 45 Slashing . | . . . . Piercing . | . . . . Sneak Attacks 7 | . 5 . 2 Combat Hostiles . | . . . . Follow-up Attacks . | . . . . Damage Inflicted 1462 | . 291 . 1171 Guns 110 | . 86 . 24 Cannons . | . . . . Explosions 197 | . . . 197 Melee 1155 | . 205 . 950 Ramming . | . . . . Kinetic 110 | . 86 . 24 Thermal . | . . . . Explosive 197 | . . . 197 Electromagnetic . | . . . . Impact 1155 | . 205 . 950 Slashing . | . . . . Piercing . | . . . . Highest Corruption . | . . . . Average Corruption . | . . . . Corruption Purged . | . . . . Corruption Blocked . | . . . . Overload Shots . | . . . . Overflow Damage 347 | . 99 . 248 Projectiles . | . . . . Explosions 13 | . . . 13 Melee 334 | . 99 . 235 Knockbacks 2 | . . . 2 Impact 2 | . . . 2 Kinetic . | . . . . Secondary . | . . . . Self-Inflicted Damage 73 | . . . 73 Shots 2 | . . . 2 Rammed . | . . . . Targets Rammed . | . . . . Kicked . | . . . . Crushed . | . . . . Highest Temperature 1 | . . . 1 Average Temperature 1 | . . . 1 Received Heat Transfer 447 | . . . 447 Siege Activations . | . . . . Robots Corrupted . | . . . . Combat Hostiles . | . . . . Parts Fried 11 | . 4 . 7 Impact Corruptions 15 | . 4 . 11 Robots Melted . | . . . . Combat Hostiles . | . . . . Parts Melted . | . . . . Heat Transferred . | . . . . Parts Sabotaged . | . . . . Parts Stolen . | . . . . Parts Stripped . | . . . . Power Chain Reactions . | . . . . Alert | -11 -10 -10 -9 ------- Run | Yrd Mat Min Mat Peak Influence 190 | . 105 40 190 Initial 40 | . . 40 15 Average 69 | . 59 40 82 Maximum Alert Level . | . . . . Low Security (%) 100 | 100 100 100 100 Level 1 . | . . . . Level 2 . | . . . . Level 3 . | . . . . Level 4 . | . . . . Level 5 . | . . . . High Security . | . . . . Max Security . | . . . . Squads Dispatched 5 | . 2 . 3 Investigation 4 | . 1 . 3 Extermination . | . . . . Reinforcement 1 | . 1 . . Assault . | . . . . Garrison . | . . . . Intercept . | . . . . Searches Triggered . | . . . . Construction Impeded . | . . . . Haulers Reinforced . | . . . . Active Scanning Responses . | . . . . Cargo Convoy Interrupts . | . . . . Stealth | -11 -10 -10 -9 --------- Run | Yrd Mat Min Mat Distress Signals 1 | . 1 . . Communications Jammed . | . . . . Distress Signals . | . . . . Times Spotted 24 | . 6 . 18 Peak Tracking Total 6 | . 3 . 6 Tactical Retreats 2 | . 1 . 1 Traps | -11 -10 -10 -9 ------- Run | Yrd Mat Min Mat Traps Triggered 3 | . 1 . 2 Indirectly . | . . . . Trap Hack Attempts . | . . . . Triggered . | . . . . Disarmed . | . . . . Reprogrammed . | . . . . Reused . | . . . . Traps Extracted . | . . . . Installed . | . . . . Triggered . | . . . . Machines | -11 -10 -10 -9 ---------- Run | Yrd Mat Min Mat Machines Disabled . | . . . . Max in Single Turn . | . . . . Machines Repaired . | . . . . Machines Dismantled . | . . . . Machines Sabotaged 1 | . . . 1 Overloaded Fab Kills . | . . . . Hacking | -11 -10 -10 -9 --------- Run | Yrd Mat Min Mat Machines Accessed 2 | . . . 2 Terminals 2 | . . . 2 Fabricators . | . . . . Repair Stations . | . . . . Recycling Units . | . . . . Scanalyzers . | . . . . Garrison Access . | . . . . Total Hacks 6 | . . . 6 Successful 3 | . . . 3 Failed 3 | . . . 3 Catastrophic . | . . . . Database Lockouts . | . . . . Manual 2 | . . . 2 Terminals 6 | . . . 6 Fabricators . | . . . . Repair Stations . | . . . . Recycling Units . | . . . . Scanalyzers . | . . . . Garrison Access . | . . . . Terminal Hacks 2 | . . . 2 Locate Traps 1 | . . . 1 Dispatch Records 1 | . . . 1 Fabricator Hacks . | . . . . Repair Station Hacks . | . . . . Recycling Unit Hacks . | . . . . Scanalyzer . | . . . . Garrison Access Hacks . | . . . . Unauthorized Hacks 1 | . . . 1 Terminals 1 | . . . 1 Sabotage 1 | . . . 1 Fabricators . | . . . . Repair Stations . | . . . . Recycling Units . | . . . . Scanalyzers . | . . . . Garrison Access . | . . . . Data Cores Recovered . | . . . . Used . | . . . . Hacking Detections 1 | . . . 1 Full Trace Events . | . . . . Feedback Events . | . . . . Feedback Blocked . | . . . . Robot Schematics Acquired . | . . . . Robots Built . | . . . . Authchips . | . . . . Time . | . . . . Total Robot Build Rating . | . . . . Part Schematics Acquired . | . . . . Parts Built . | . . . . Authchips . | . . . . Time . | . . . . Total Part Build Rating . | . . . . Parts Repaired . | . . . . Time . | . . . . Parts Recycled . | . . . . Recycled Matter . | . . . . Retrieved Matter . | . . . . Retrieved Components . | . . . . Parts Scanalyzed . | . . . . Part Schematics Acquired . | . . . . Parts Damaged . | . . . . Bothacking | -11 -10 -10 -9 ------------ Run | Yrd Mat Min Mat Used RIF Installer . | . . . . Robots Hacked . | . . . . Non-combat . | . . . . Combat . | . . . . Robot Hacks Applied . | . . . . Relay Couplers Released . | . . . . Fabnet Peak Effective % . | . . . . Robots Rewired . | . . . . Allies Hacked . | . . . . Hacks Repelled . | . . . . Allies | -11 -10 -10 -9 -------- Run | Yrd Mat Min Mat Total Allies . | . . . . Largest Group . | . . . . Highest-Rated Group . | . . . . Highest-Rated Ally . | . . . . Total Orders . | . . . . Ally Attacks . | . . . . Total Damage . | . . . . Kills . | . . . . Allies Corrupted . | . . . . Allies Melted . | . . . . Intel | -11 -10 -10 -9 ------- Run | Yrd Mat Min Mat Robot Analysis Total . | . . . . Derelict Logs Recovered . | . . . . Drone Launches . | . . . . Drone Recoveries . | . . . . Exploration | -11 -10 -10 -9 ------------- Run | Yrd Mat Min Mat Turns Passed 802 | 47 191 47 517 Spaces Moved 566 | 37 139 58 332 Core 2 | 2 . . . Treads . | . . . . Legs 34 | . . . 34 Wheels 434 | 35 139 58 202 Hover . | . . . . Flight 96 | . . . 96 Fastest Speed 37 | 50 80 80 37 Average Speed 89 | 87 81 80 94 Slowest Speed 190 | 90 90 80 190 Overloaded Moves . | . . . . Propulsion Burnouts . | . . . . Robots Hopped . | . . . . Cave-ins Triggered . | . . . . Exploration Rate (%) 18 | 4 30 14 26 Regions Visited 3 Branch Regions 1 Pre-discovered Areas . | . . . . Known Exits Taken . | . . . . Unknown Exits Taken 3 | 1 1 1 . Scrap Searched . | . . . . Spaces Dug . | . . . . Terrain Destroyed 22 | . . . 22 Melee . | . . . . Projectile . | . . . . AOE 22 | . . . 22 Terrain Rammed . | . . . . Walls Destroyed . | . . . . Machines Disabled . | . . . . Actions | -11 -10 -10 -9 --------- Run | Yrd Mat Min Mat Total 744 | 49 192 58 445 Wait 65 | . 29 1 35 Move 563 | 36 138 57 332 Hop . | . . . . Pick Up 12 | 7 2 . 3 Fast Attach 7 | 3 1 . 3 Attach 12 | 3 . . 9 Detach 2 | . . . 2 Swap 5 | . 3 . 2 Drop 2 | . 1 . 1 Fire 26 | . 13 . 13 Melee 50 | . 5 . 45 Ram . | . . . . Kick . | . . . . Crush . | . . . . Escape Stasis . | . . . . Rewire . | . . . . Trap . | . . . . Miscellaneous . | . . . . Route ------- -11/Scrapyard -10/Materials -10/Mines -9/Materials History --------- Turn | Location | Event 13 | -11/Scrapyard | Discovered new exit (range 16) 48 | -11/Scrapyard | Entered Materials 129 | -10/Materials | Met 8R-AWN 225 | -10/Materials | Discovered new exit (range 12) 239 | -10/Materials | Entered Mines 243 | -10/Mines | Discovered new exit (range 7) 286 | -10/Mines | Entered Materials 286 | -9/Materials | Evolved 2 slots: Propulsion x1, Utility x1 308 | -9/Materials | Build established: Mutant 498 | -9/Materials | Lost 6 parts (1p3n1u1w) 513 | -9/Materials | Core integrity fell below 50% 677 | -9/Materials | Core integrity fell below 20% 803 | -9/Materials | Destroyed self with Mini Grenade Launcher Last Messages --------------- 00700_ Lgt. Assault Rifle fried. 00701_ K-01 Serf collects debris. 00709_ Acquired Lgt. Ion Engine. 00729_ Acquired Mni. Grenade Launcher. 00739_ Acquired Com. Wheel. 00745_ Triggered Alarm Trap. 00745_ An alarm sounds. 00745_ ALERT: Alarm triggered, dispatching investigation squad. 00768_ R-06 Scavenger collects Corrupted Aluminum Leg. 00771_ R-06 Scavenger collects Corrupted Lgt. Ion Engine. 00795_ Aluminum Leg destroyed. 00795_ Destroyed Aluminum Leg. 00795_ T-07 Excavator destroyed. 00795_ K-01 Serf collects debris. 00797_ Destroyed Welding Torch. 00797_ U-05 Engineer destroyed. 00799_ G-34 Mercenary destroyed. 00799_ W-16 Scout destroyed. 00800_ K-01 Serf collects debris. 00801_ U-05 Engineer lays Concrete. Map ----- +----------------------------------------------------+ | ??????????????????????????????????????? | | ??????????????????????????????????????? | | ??????????????????????????????????????? | | ??????????????????????????????????????? | | ??????????????????????????????????????? | | ??????????????????????????????????????? | | ??????????????????????????????????????? | | ??????????????????????????????????????? | | ??????????????????????????????????????? | | ??????????????????????????????????????? | | ????????????[ ???????????????????????? | | ??????????=[ ???????????????????????? | | ??????????][ ?????????????????????? ? | | ?????????? ???????????????????????? | | ??????????= ?###???????????????????? | | ??????# ?? *a? ?? ????#?????????##?? | | ??????# """ =%# ??????????#????? ?? | | ??????# """ ![! ""?????????#??????! ?? | | ??????+ """ =% "???? ???????????? "? | | ??????# = "???????########## T? | | ???????? =% #???????# #* "? | | ?????????# ######### # "? | | ?????????# # # """ # ? | | ?????????# # """"" !##+## | | ???????##### u u """"" ## | | ?????# ! @ # """"" ## | | ???????###### # g # """ ## | | ??????????? = #### ### ## | | ?????????# #### #?# + | | ?????????# + #?########## | | ?????????# ####/############ | | ?????????# =]] # + | | ?????????# =]! # """###########+## | | ?????????#Y =]! # R"#?????# # | | ????????? # """#???#?# # | | ????????## # #???#?# # | | ?????????########## #??#??#!!! # | | ??????????????????########?????#!!! # | | ??????????????"????????????????#!!! # | | ??????????????????????????#????######## | | ???????????????????????#???#??????????# | | ?????????????????????????????#?#??????# | | ?????????????????????????????????#?#?## | | ????????????????????????????????#???## | | ????????????????????????????#?#??#?### | | ????????????????????????????????????## | | ????????????????????????????????#???### | | ??????????????????????????????????????# | | ??????????????????????????????????????# | | ??????????????????????????????????????# | +----------------------------------------------------+ Best States ------------- Heat Dissipation 38 Energy Generation 10 Energy Capacity 250 Matter Stores 300 Matter Capacity 300 Sight Range 16 Terrain Scan Range 14 Terrain Scan Density 10 Evasion (%) 62 Item Schematics ----------------- None Robot Schematics ------------------ None Fabricated ------------ Nothing Alien Tech Used ----------------- None Achievements -------------- Brute Force Risk Taker Challenges ------------ None Game ------ Seed MultitargetingMasterMace Manual? 0 Play Time 00:13:04 Cumulative 5.4 hours Start 2024.04.17 @ 17:49:34 End 2024.04.17 @ 18:04:53 Sessions 1 Manual Loads 0 Difficulty Rogue Special Mode None Game No. 8 Rogue 8 Adventurer 0 Explorer 0 Win Type - Total 0 Types 0/0/0/0/0/0/0/0/0 Lore% 6 Gallery% 10 Achievement% 11 Wizard Run 0 Options --------- Layout 0 ASCII 0 Keyboard 1 Movement Numpad Keybinds 0 Fullscreen 2 Font 18/SmallcapsGlow Map View 112x50 Zoom Use 0% Tactical HUD 1 Map Filters NONE Filters NONE Steam 1 RUN: 7c7c72f1-63cb-4976-a723-6818022309ee